 Dungeon Crawl Stone Soup version 0.25.0-9-g26727b657a (webtiles) character file.

Game seed: 11724080290741131814

18601 mopl the Arsonist (level 12, -11/112 HPs)
             Began as a Naga Fire Elementalist on June 17, 2020.
             Was an Elder of Vehumet.
             Mangled by a yak (14 damage)
             ... on level 2 of the Lair of Beasts.
             The game lasted 00:41:20 (13451 turns).

mopl the Arsonist (Naga Fire Elementalist)         Turns: 13451, Time: 00:41:21

Health: -11/112    AC: 12    Str: 12    XL:     12   Next: 60%
Magic:  1/24       EV: 14    Int: 20    God:    Vehumet [****..]
Gold:   317        SH:  0    Dex: 11    Spells: 6/27 levels left

rFire    . . .     SeeInvis +   a - +4 spear (venom)
rCold    . . .     Gourm    .   (no shield)
rNeg     . . .     Faith    .   K - +0 steam dragon scales
rPois    +         Spirit   .   (no helmet)
rElec    .         Reflect  .   b - +1 cloak
rCorr    .         Harm     .   (no gloves)
MR       +....                  (no barding)
Stlth    ++........             (no amulet)
HPRegen  0.28/turn              t - +4 ring of protection
MPRegen  0.19/turn              m - +4 ring of evasion

@: studying Fighting, very slow
A: large, see invisible, deformed body, poison resistance, slowness 2, slow
metabolism 1, spit poison 1, AC +4
a: Spit Poison, Renounce Religion


You were on level 2 of the Lair of Beasts.
You worshipped Vehumet.
Vehumet was greatly pleased with you.
You were not hungry.

You visited 3 branches of the dungeon, and saw 14 of its levels.
You also visited: Bailey.

You collected 720 gold pieces.
You spent 403 gold pieces at shops.

Inventory:

Hand Weapons
 a - a +4 spear of venom (weapon)
 y - a +2 dagger of venom
 z - the +5 war axe "Qemaq" {flame, Int+2 Dex+4}
   (You found it on level 6 of the Dungeon)

   It has been specially enchanted to burn those struck by it, causing extra
   injury to most foes and up to half again as much damage against particularly
   susceptible opponents.
   Big, fiery blades are also staple armaments of hydra-hunters.
   It affects your intelligence (+2).
   It affects your dexterity (+4).
 F - the +6 war axe "Kofec" {vorpal, +Fly rPois SInv}
   (You found it in a bailey)

   It inflicts extra damage upon your enemies.
   It protects you from poison.
   It lets you see invisible.
   It lets you fly.
Missiles
 n - 42 poisoned darts
 C - 2 throwing nets (quivered)
 D - 66 boomerangs
Armour
 b - a +1 cloak (worn)
 K - +0 steam dragon scales (worn)
Magical Staves
 s - an uncursed staff of death
Jewellery
 h - an uncursed ring of protection from cold
 m - a +4 ring of evasion (right hand)
 t - a +4 ring of protection (left hand)
Wands
 l - a wand of flame (15)
 r - a wand of polymorph (12)
 B - a wand of enslavement (4)
 J - a wand of acid (7)
Scrolls
 d - 2 scrolls of brand weapon
 g - 3 scrolls of remove curse
 i - 2 scrolls of enchant armour
 q - 5 scrolls of teleportation
 u - 4 scrolls of amnesia
 v - a scroll of immolation
 w - 2 scrolls of enchant weapon
 A - 2 scrolls of blinking
 G - a scroll of fear
 M - a scroll of torment
 P - a scroll of silence
Potions
 e - 3 potions of flight
 f - 2 potions of curing
 j - 2 potions of mutation
 k - 4 potions of magic
 o - 4 potions of haste
 p - a potion of stabbing
 x - 3 potions of brilliance
 E - 3 potions of cancellation
 H - a potion of resistance
 L - 2 potions of might
Books
 I - a manual of Fighting
Comestibles
 c - 26 rations


   Skills:
 + Level 8.9 Fighting
 + Level 2.5 Dodging
 - Level 3.0 Stealth
 + Level 8.3 Spellcasting
 + Level 11.5 Conjurations
 + Level 1.7 Hexes
 + Level 1.7 Transmutations
 + Level 11.7 Fire Magic
 + Level 3.7 Evocations


You had 6 spell levels left.
You knew the following spells:

 Your Spells              Type           Power        Failure   Level  Hunger
a - Foxfire               Conj/Fire      ####         1%          1    None
c - Conjure Flame         Conj/Fire      ######..     1%          3    None
d - Sticky Flame          Conj/Fire      ######..     1%          4    ###....
f - Fireball              Conj/Fire      ######....   1%          5    #####..
h - Inner Flame           Hex/Fire       #####...     1%          3    None
i - Irradiate             Conj/Tmut      #####.....   4%          5    #####..

Your spell library contained the following spells:

 Spells                   Type           Power        Failure   Level  Hunger
 Corona                   Hex            ###....      4%          1    None
 Animate Skeleton         Necr           N/A          9%          1    None
 Apportation              Tloc           #.....       9%          1    None
 Summon Small Mammal      Summ           #...         9%          1    None


Dungeon Overview and Level Annotations

Branches:
Dungeon (11/15)            Temple (1/1) D:6            Lair (2/6) D:9
    Orc (0/2) D:11         Bailey (visited)
  Swamp: Lair:2-4    Shoals: Lair:2-4     Snake: Lair:2-4    Spider: Lair:2-4

Altars:
Cheibriados
Elyvilon
Fedhas
Hepliaklqana
Makhleb
Okawaru
Sif Muna
Trog
Vehumet
Wu Jian
Xom
Yredelemnul
Zin
The Shining One

Shops:
D:4 *   D:5 *   D:9 [   D:10 (   D:11 *

Annotations:
D:5 dig


Innate Abilities, Weirdness & Mutations

You cannot wear boots.
Your serpentine skin is tough. (AC +4)
You have supernaturally acute eyesight. (SInv)
Armour fits poorly on your strangely shaped body.
Your system is resistant to poisons. (rPois)
You cover ground very slowly.
You have a slow metabolism.
You can spit poison.


Message History

Unknown command.
You hit the yak.
The yak is moderately wounded.
The yak burns!
The yak barely misses you. The yak gores you but does no damage.
Evoke which item? (* to show all) (? for menu, Esc to quit)
Okay, then.
Press: ? - help, v - describe, . - travel, g - get item
Here: a yak (moderately wounded, extremely poisoned)
A scroll of amnesia.
The floor, spattered with blood.
Unknown command.
Unknown command.
Unknown command.
Unknown command.
You hit the yak but do no damage.
The yak is moderately wounded.
The yak burns!
The yak gores you!
* * * LOW HITPOINT WARNING * * *
The yak gores you!
You die...

####......†........##...
##....#..#.#........#.
##..###..##.#.#.....
#..###..#..##.#....
#.#........# ###...
#..........# ...
##..#.#....#
#.......YY## #..#..#.#@#
##.######## ##


You could see 2 yaks.

Vanquished Creatures
  A two-headed ogre (D:8)
  An unseen horror (D:10)
  An orc knight (Bailey)
  4 elephants (Lair:2)
  A spiny frog (Lair:2)
  A komodo dragon (D:9)
  A queen bee (D:9)
  A hornet (D:11)
  Grinder (D:3)
  5 hippogriffs
  8 blink frogs
  16 yaks
  Sigmund (D:3)
  A wyvern (D:8)
  Grum (Lair:1)
  3 hungry ghosts
  2 steam dragons (D:8)
  2 wargs (D:8)
  7 water moccasins
  3 black bears
  An ice beast (D:9)
  2 porcupines (Lair:1)
  4 sky beasts
  9 orc warriors
  2 phantoms
  9 ogres
  3 wolves
  3 necrophages
  4 centaurs
  3 crocodiles
  Blork the orc (D:4)
  7 bullfrogs
  A wyvern zombie (D:8)
  A gnoll sergeant (D:11)
  4 scorpions
  19 killer bees
  3 wights
  3 howler monkeys (D:7)
  2 crimson imps
  5 hounds
  2 quasits
  3 jellies
  16 orc wizards
  7 orc priests
  3 centaur skeletons
  A bullfrog skeleton (D:5)
  5 iguanas
  8 worker ants
  A hound skeleton (D:7)
  13 adders
  13 gnolls
  A shadow imp (D:6)
  An adder zombie (D:7)
  An adder skeleton (D:9)
  4 worms
  3 dart slugs
  7 leopard geckos
  53 orcs
  6 bats
  4 giant cockroaches
  18 goblins
  8 hobgoblins
  5 jackals
  23 kobolds
  2 quokkas
  6 frilled lizards
  A jackal skeleton (D:4)
  3 rats
365 creatures vanquished.

Vanquished Creatures (collateral kills)
  A hornet zombie (D:9)
  An orc warrior (D:9)
  A crimson imp (D:9)
  5 orcs (D:9)
8 creatures vanquished.

Vanquished Creatures (others)
  A worker ant (D:11)
  469 foxfires
  A fungus (Lair:2)
471 creatures vanquished.

Grand Total: 844 creatures vanquished

Notes
Turn   | Place    | Note
-------+----------+-------------------------------------------
     0 | D:1      | mopl the Naga Fire Elementalist began the quest for the
                  | Orb.
     0 | D:1      | Reached XP level 1. HP: 15/15 MP: 3/3
   173 | D:1      | Reached XP level 2. HP: 13/22 MP: 1/5
   723 | D:2      | Reached XP level 3. HP: 17/28 MP: 2/6
  1329 | D:2      | Found a glowing silver altar of Zin.
  1334 | D:2      | Found a blossoming altar of Fedhas.
  1336 | D:2      | Found a snail-covered altar of Cheibriados.
  1349 | D:2      | Found a shimmering blue altar of Sif Muna.
  1356 | D:2      | Found a white marble altar of Elyvilon.
  1464 | D:3      | Noticed Sigmund
  1511 | D:3      | Reached XP level 4. HP: 17/36 MP: 5/8
  1649 | D:3      | Killed Sigmund
  1649 | D:3      | Reached XP level 5. HP: 28/42 MP: 5/10
  1657 | D:3      | Learned a level 4 spell: Sticky Flame
  1830 | D:3      | Reached XP level 6. HP: 36/49 MP: 6/11
  1844 | D:3      | Learned a level 5 spell: Fireball
  1971 | D:3      | Noticed Grinder
  1979 | D:3      | Paralysed by Grinder for 3 turns
  1984 | D:3      | Killed Grinder
  1984 | D:3      | Reached skill level 5 in Fire Magic
  1984 | D:3      | Reached XP level 7. HP: 36/55 MP: 4/13
  2798 | D:4      | Found Tioch's Assorted Antiques.
  2884 | D:4      | Reached skill level 5 in Conjurations
  2914 | D:4      | Bought a scroll labeled JUOBRI ASETU for 27 gold pieces
  2914 | D:4      | Bought a shiny bone wand for 108 gold pieces
  3034 | D:4      | Noticed Blork the orc
  3047 | D:4      | Killed Blork the orc
  3213 | D:4      | Reached XP level 8. HP: 56/62 MP: 12/14
  3236 | D:4      | Got a shimmering long sword
  3237 | D:4      | Identified the +2 long sword "Orb Guardian's Doom"
                  | {antimagic, rF- rC+ MR+} (You found it on level 4 of the
                  | Dungeon)
  3288 | D:4      | Bought a scroll of identify for 54 gold pieces
  3437 | D:5      | Entered Level 5 of the Dungeon
  3829 | D:5      | Reached skill level 5 in Spellcasting
  4149 | D:5      | Found Gigeg's Assorted Antiques.
  4152 | D:5      | Bought a bubbling golden potion for 19 gold pieces
  4152 | D:5      | Bought a scroll labeled COKAEPLOOSS for 22 gold pieces
  4152 | D:5      | Bought a glowing purple potion for 19 gold pieces
  4398 | D:6      | Found a staircase to the Ecumenical Temple.
  4418 | Temple   | Entered the Ecumenical Temple
  4433 | Temple   | Became a worshipper of Vehumet
  4595 | D:6      | Reached XP level 9. HP: 68/68 MP: 13/16
  4876 | D:6      | Got an iridescent war axe
  4877 | D:6      | Identified the +5 war axe "Qemaq" {flame, Int+2 Dex+4} (You
                  | found it on level 6 of the Dungeon)
  5515 | D:7      | Found a hazy altar of Hepliaklqana.
  5774 | D:7      | Reached skill level 1 in Fighting
  6066 | D:7      | Found a basalt altar of Yredelemnul.
  6235 | D:8      | Reached * piety under Vehumet
  6235 | D:8      | Offered knowledge of Shock by Vehumet.
  6247 | D:8      | Noticed a two-headed ogre
  6257 | D:8      | Killed a two-headed ogre
  6257 | D:8      | Reached XP level 10. HP: 41/81 MP: 6/19
  6345 | D:8      | Found a flagged portal.
  6365 | Bailey   | Entered a bailey
  6387 | Bailey   | Noticed an orc knight
  6443 | Bailey   | Killed an orc knight
  6616 | Bailey   | Got an encrusted war axe
  6617 | Bailey   | Identified the +6 war axe "Kofec" {vorpal, +Fly rPois SInv}
                  | (You found it in a bailey)
  6916 | D:8      | Reached ** piety under Vehumet
  6916 | D:8      | Offered knowledge of Searing Ray by Vehumet.
  7136 | D:8      | Learned a level 3 spell: Inner Flame
  7140 | D:8      | Learned a level 3 spell: Conjure Flame
  7755 | D:9      | Reached skill level 10 in Fire Magic
  7791 | D:9      | Found Otir's Antique Armour Shop.
  7896 | D:8      | Reached skill level 10 in Conjurations
  8073 | D:8      | Reached skill level 5 in Fighting
  8073 | D:8      | Reached XP level 11. HP: 22/93 MP: 12/21
  8401 | D:8      | Offered knowledge of Ignite Poison by Vehumet.
  8456 | D:9      | Found a staircase to the Lair.
  8730 | D:9      | Reached *** piety under Vehumet
  9210 | D:9      | Offered knowledge of Fulminant Prism by Vehumet.
  9480 | D:10     | Entered Level 10 of the Dungeon
  9634 | D:5      | Bought a scroll labeled DILUBO VOSHRYRPHOV for 22 gold
                  | pieces
  9634 | D:5      | Bought a scroll labeled FAMAYKLAUTT for 22 gold pieces
  9634 | D:5      | Bought a scroll of identify for 44 gold pieces
  9634 | D:5      | Bought a scroll of identify for 44 gold pieces
  9634 | D:5      | Bought a scroll labeled ICKYDE WEPLERA for 22 gold pieces
 10034 | D:10     | HP: 2/97 [orc warrior/+1 halberd of freezing (6)]
 10378 | D:10     | Found a glowing golden altar of the Shining One.
 10596 | D:10     | Noticed an unseen horror
 10610 | D:10     | Killed an unseen horror
 10632 | D:10     | Found Guky's Weapon Shop.
 10782 | D:10     | Reached **** piety under Vehumet
 10829 | D:11     | Offered knowledge of Iskenderun's Battlesphere by Vehumet.
 10988 | D:11     | Reached skill level 1 in Evocations
 11068 | D:11     | Found a staircase to the Orcish Mines.
 11070 | D:11     | Identified the +3 halberd of Pyluk {vamp, rPois Int+2
                  | Dex+4}
 11365 | D:11     | Found a white marble altar of Elyvilon.
 11523 | D:11     | Found Wegaj's Assorted Antiques.
 11682 | Lair:1   | Entered Level 1 of the Lair of Beasts
 11682 | Lair:1   | Noticed Grum
 11997 | Lair:1   | Killed Grum
 12009 | Lair:1   | Reached XP level 12. HP: 88/110 MP: 17/23
 12321 | Lair:1   | Reached ***** piety under Vehumet
 12381 | Lair:1   | Offered knowledge of Irradiate by Vehumet.
 12392 | Lair:1   | Learned a level 5 spell: Irradiate
 12749 | Lair:1   | Reached skill level 1 in Hexes
 13309 | Lair:2   | Reached skill level 1 in Transmutations
 13384 | Lair:2   | Noticed an eight-headed hydra
 13451 | Lair:2   | HP: 3/112 [yak (12)]
 13451 | Lair:2   | Mangled by a yak

Illustrated notes

Levels and vault maps discovered:
D:1:      minmay_arrival_four_circles, layout_loops_ring,
          wad_floor_pattern_untrapped
D:2:      layout_loops_ring, minitemple, minmay_cupped
D:3:      layout_basic, item_on_display_b, uniq_grinder, uniq_sigmund
D:4:      layout_cave_pools, serial_shops, shop, first_ration,
          chequers_serial_rivers_marsh, minmay_fractal_squares_gapless_5,
          uniq_blork_the_orc
D:5:      layout_basic, serial_shops, kennysheep_mini_moat, minmay_crystal_room,
          minmay_statues_item, minivault_11, minmay_ogre_servants
D:6:      layout_basic, minmay_temple_entry_waves, minmay_fractal_squares_5
D:7:      layout_loops_corners, old_standard_altar, yredelemnul_altar_generic
D:8:      kennysheep_steamy, layout_rooms, enter_bailey_3, minmay_manual_mares
D:9:      layout_big_octagon, erik_lair_orcish_takeover, serial_shops,
          nicolae_shop_overgrown_old_shop, serial_column_ruins,
          column_ruins_hut, column_ruins_hut_pillars, column_ruins_open_large,
          column_ruins_columns_water, column_ruins_open_tiny,
          column_ruins_grid_1, column_ruins_corridor_water,
          column_ruins_columns_plus, david_nohive_1
D:10:     layout_basic, basic_altar, serial_shops, nicolae_shop_waterfront
D:11:     layout_loops_ring, david_orc_2, serial_shops, kennysheep_mini,
          elyvilon_altar_4
Temple:   eino_wide_crystal_templ
Lair:1:   layout_regular_city, uniq_grum
Lair:2:   layout_misc_corridors, minmay_holes

Skill      XL: |  1  2  3  4  5  6  7  8  9 10 11 12 |
---------------+-------------------------------------+-----
Conjurations   | 2 3 4 5 6 8 10 11 | 11.5
Spellcasting   | 3 4 5 6 7 8 |  8.3
Fire Magic     | 4 5 6 7 9 10 11 | 11.7
Fighting       | 2 5 7 8 |  8.9
Evocations     | 2 3 |  3.7
Dodging        | 2 |  2.5
Hexes          | 1 |  1.7
Transmutations | 1 |  1.7
Stealth        | |  3.0

Action                   |  1- 3 |  4- 6 |  7- 9 | 10-12 || total
-------------------------+-------+-------+-------+-------++-------
Melee: Unarmed           |    16 |       |       |       ||    16
       Dagger            |   103 |    27 |   332 |   373 ||   835
       Spear             |       |       |       |   210 ||   210
Throw: Dart              |       |       |     4 |       ||     4
 Cast: Foxfire           |    21 |    23 |    88 |   150 ||   282
       Sticky Flame      |       |     2 |    19 |    94 ||   115
       Fireball          |       |       |       |     4 ||     4
       Conjure Flame     |       |       |       |     3 ||     3
       Inner Flame       |       |       |       |     2 ||     2
 Abil: Spit Poison       |     9 |     2 |    19 |    10 ||    40
Evoke: Wand              |       |       |       |     5 ||     5
  Use: Scroll            |     1 |     2 |     8 |    15 ||    26
       Potion            |       |       |     1 |     5 ||     6
 Stab: Sleeping          |     9 |       |     6 |     6 ||    21
  Eat: Chunk             |     2 |     2 |    16 |    24 ||    44
       Ration            |       |       |       |     4 ||     4
Armor: Robe              |    39 |     7 |   130 |    88 ||   264
       Steam dragon scal |       |       |       |   274 ||   274
Dodge: Dodged            |    88 |    34 |   227 |   767 ||  1116
